 Dungeon Crawl Stone Soup version 0.16-a0-1243-g6e0463c (console) character file.

1890 Draccul the Cudgeler (level 9, -5/88 HPs)
             Began as an Ogre Fire Elementalist on Oct 13, 2014.
             Was a Believer of Makhleb.
             Slain by an orc
             ... wielding a +0 trident
              (9 damage)
             ... on level 8 of the Dungeon.
             The game lasted 00:40:50 (5117 turns).

Draccul the Cudgeler (Ogre Fire Elementalist)       Turns: 5117, Time: 00:40:50

Health: -5/88      AC:  7    Str: 18    XL:     9   Next: 15%
Magic:  24/24      EV: 10    Int: 17    God:    Makhleb [**....]
Gold:   450        SH:  0    Dex: 10    Spells: 3 memorised, 14 levels left

rFire  . . .     SeeInvis .     a - +7 whip (elec)
rCold  . . .     Clarity  .     s - +1 robe
rNeg   . . .     SustAb   .     (shield restricted)
rPois  .         Gourm    .     A - +2 hat of Exclusion {Str+3}
rElec  .         Spirit   .     (no cloak)
rCorr  .         Warding  .     (gloves unavailable)
rMut   .         Stasis   .     (boots unavailable)
MR     .....                    (no amulet)
Stlth  +.........               (no ring)
                                j - +1 ring of protection

@: not resistant to hostile enchantments, very unstealthy
A: unfitting armour, tough skin 1
a: Minor Destruction, Renounce Religion


You were on level 8 of the Dungeon.
You worshipped Makhleb.
Makhleb was pleased with you.
You were hungry.

You visited 2 branches of the dungeon, and saw 9 of its levels.
You also visited: Ossuary.

You collected 450 gold pieces.

Inventory:

Hand weapons
 a - a +7 whip of electrocution (weapon)
 b - the +2 flail "Thosoxzi" {pain, -Tele rElec}
   (You found it on level 4 of the Dungeon)

   In the hands of one skilled in necromantic magic, it inflicts extra damage on
   living creatures.
   It insulates you from electricity.
   It prevents most forms of teleportation.
Missiles
 i - 22 poisoned needles
 F - a large rock (quivered)
Armour
 s - a +1 robe (worn)
 A - the +2 hat of Exclusion (worn) {Str+3}
   (You acquired it on level 6 of the Dungeon)

   It affects your strength (+3).
Jewellery
 j - a +1 ring of protection (left hand)
Magical devices
 e - a wand of slowing (16)
 o - a wand of heal wounds (7)
 J - a wand of digging (15)
Scrolls
 d - 3 scrolls of remove curse
 r - a scroll of amnesia
 v - a scroll of magic mapping
 w - a scroll of vulnerability
 y - 2 scrolls of identify
 E - 3 scrolls of teleportation
 G - a scroll of blinking
Potions
 h - 3 potions of might
 k - 2 potions of haste
 l - a potion of lignification
 m - 3 potions of curing
 n - 2 potions of flight
 p - a potion of cure mutation {unknown}
 t - a potion of magic {unknown}
 u - a potion of invisibility
 x - 4 potions of brilliance
 z - a potion of resistance {unknown}
 D - a potion of agility {unknown}
Books
 f - a book of Flames

   Spells                             Type                      Level
   *Flame Tongue                      Conjuration/Fire             1
   Throw Flame                        Conjuration/Fire             2
   *Conjure Flame                     Conjuration/Fire             3
   Inner Flame                        Hexes/Fire                   3
   *Sticky Flame                      Conjuration/Fire             4
   Fireball                           Conjuration/Fire             5
 g - a book of Wizardry

   Spells                             Type                      Level
   Agony                              Necromancy                   5
   Force Lance                        Conjuration                  5
   Dispersal                          Translocation                6
   Haste                              Charms                       6
   Invisibility                       Hexes                        6
   Spellforged Servitor               Conjuration/Summoning        7
 C - a book of Maledictions

   Spells                             Type                      Level
   Corona                             Hexes                        1
   Sure Blade                         Hexes/Charms                 2
   Ensorcelled Hibernation            Hexes/Ice                    2
   Confuse                            Hexes                        3
   Dazzling Spray                     Conjuration/Hexes            3
   Enslavement                        Hexes                        4
Comestibles
 c - 4 meat rations
 q - 7 bread rations
 B - a beef jerky
 H - 3 rotting chunks of orc flesh
 I - a chunk of adder flesh


   Skills:
 + Level 5.1 Fighting
 * Level 7.7 Maces & Flails
 + Level 1.2 Throwing
 - Level 2.0 Dodging
 - Level 2.0 Stealth
 * Level 7.1 Spellcasting
 - Level 2.0 Conjurations
 * Level 4.7 Fire Magic


You had 14 spell levels left.
You knew the following spells:

 Your Spells              Type           Power        Failure   Level  Hunger
a - Flame Tongue          Conj/Fire      ###..        2%          1    None
b - Conjure Flame         Conj/Fire      ###.....     10%         3    ##.....
c - Sticky Flame          Conj/Fire      ###.....     30%         4    ####...


Dungeon Overview and Level Annotations

Branches:
Dungeon (8/15)             Temple (1/1) D:7
   Lair: D:8-11

Altars:
Ashenzari
Cheibriados
Dithmenos
Elyvilon
Fedhas
Gozag
Kikubaaqudgha
Makhleb
Nemelex Xobeh
Okawaru
Qazlal
Ru
Sif Muna
Trog
Vehumet
Yredelemnul
Zin
The Shining One


Innate Abilities, Weirdness & Mutations

You are too large for most types of armour.
You have tough skin (AC +1).


Message History

Aim: an orc warrior, wielding a glaive and wearing a chain mail You throw a large rock.
The large rock hits the orc warrior!
The orc warrior is moderately wounded.
The orc warrior closely misses you.
Throwing (i - inventory):
F - 2 large rocks (quivered)
Press: ? - help, Shift-Dir - straight line, f/p - orc warrior
Aim: an orc warrior, wielding a glaive and wearing a chain mail (moderately wounded)
You throw a large rock. The large rock hits the orc warrior!
The orc warrior is severely wounded.
The orc warrior hits you with a glaive!!
* * * LOW HITPOINT WARNING * * *
The orc closely misses you.
You closely miss the orc warrior.
The orc warrior is severely wounded.
The orc warrior hits you with a glaive!
* * * LOW HITPOINT WARNING * * *
You hit the orc warrior.
The orc warrior is severely wounded.
The orc hits you from afar with a trident!
You die...

....#####........# #o# .####
#.#.#.#..# #o# .# #.#.#. #o#
+## #.#.. #o# ..## #.#.# # #.#
...# #.#.###..# #.### ....#
#(.......# #.$.#
.....####...###########...####
.....+.......>..@ooooo(...!..+
.... ####...###########...####
.... ##..# ##..# ...# ##.###
...# ..# #...# ...# +# ###.#
...# .# #.# ...# .# #.# . .
.## #.#


You could see an orc warrior and 4 orcs.

Vanquished Creatures
  Edmund (D:8)
  An orc warrior (D:7)
  4 centaurs
  A big kobold (D:7)
  A giant frog (D:7)
  A water moccasin zombie (D:6)
  5 killer bees (D:6)
  A goliath beetle (D:7)
  2 jellies (D:6)
  A centaur zombie (D:7)
  3 hounds
  3 iguanas
  An orc priest (D:5)
  A worker ant (D:6)
  An elf skeleton (D:8)
  Natasha (twice) (D:6)
  3 orc wizards
  5 big kobold zombies (Ossuary)
  A big kobold skeleton (D:8)
  2 mummies
  6 adders
  8 gnolls
  A shadow imp (D:7)
  A worm (D:2)
  6 giant geckos
  An ooze (D:7)
  23 orcs
  3 spectral bats (Ossuary)
  4 bat simulacra (Ossuary)
  5 giant cockroaches
  7 goblins
  7 hobgoblins
  4 jackals (D:4)
  17 kobolds
  6 bats
  A giant gecko skeleton (D:6)
  3 giant newts
  7 gnoll zombies (Ossuary)
  4 goblin simulacra (Ossuary)
  3 goblin zombies (Ossuary)
  3 hobgoblin zombies (Ossuary)
  7 kobold simulacra (Ossuary)
  10 kobold zombies
  An orc skeleton (D:6)
  4 orc zombies
  5 quokkas
  7 rats
  3 rat simulacra (Ossuary)
  A spectral goblin (Ossuary)
  5 spectral kobolds (Ossuary)
  4 spectral rats (Ossuary)
207 creatures vanquished.

Notes
Turn   | Place    | Note
--------------------------------------------------------------
     0 | D:1      | Draccul, the Ogre Fire Elementalist, began the quest for the Orb.
     0 | D:1      | Reached XP level 1. HP: 16/16 MP: 3/3
   458 | D:1      | Reached XP level 2. HP: 21/24 MP: 3/5
   609 | D:2      | a wand of heal wounds!!! on D2
   858 | D:2      | Reached skill level 1 in Fighting
   858 | D:2      | Reached XP level 3. HP: 6/33 MP: 0/6
   917 | D:2      | that a nice hat
  1010 | D:2      | Reached skill level 3 in Spellcasting
  1010 | D:2      | Reached skill level 1 in Conjurations
  1010 | D:2      | Reached XP level 4. HP: 9/41 MP: 0/9
  1450 | D:3      | Reached skill level 1 in Maces & Flails
  1474 | D:3      | Reached XP level 5. HP: 40/49 MP: 1/12
  1540 | D:3      | Learned a level 4 spell: Sticky Flame
  1544 | D:3      | Learned a level 3 spell: Conjure Flame
  1843 | D:4      | crazy
  1963 | D:4      | Got an ancient flail
  1965 | D:4      | Identified the +2 flail "Thosoxzi" {pain, -Tele rElec} (You found it on level 4 of the Dungeon)
  2065 | D:4      | Reached skill level 4 in Spellcasting
  2234 | D:5      | Entered Level 5 of the Dungeon
  2235 | D:5      | my best defence is my +7 whip of electrocution
  2259 | D:5      | Reached XP level 6. HP: 26/57 MP: 15/15
  2341 | D:5      | Found a sand-covered staircase.
  2347 | Ossuary  | Entered an ossuary
  2850 | D:5      | Noticed a centaur
  2861 | D:5      | Killed a centaur
  2861 | D:5      | Reached XP level 7. HP: 38/66 MP: 18/18
  2896 | D:5      | Found a burning altar of Makhleb.
  2904 | D:5      | Found a stormy altar of Qazlal.
  2914 | D:5      | Became a worshipper of Makhleb the Destroyer
  3286 | D:6      | Reached skill level 5 in Spellcasting
  3308 | D:6      | Noticed Natasha
  3315 | D:6      | Killed Natasha
  3554 | D:6      | Reached skill level 5 in Maces & Flails
  3582 | D:6      | Acquired Makhleb's first power
  3689 | D:6      | Found a glowing silver altar of Zin.
  3710 | D:6      | Reached XP level 8. HP: 40/78 MP: 18/20
  3732 | D:6      | Noticed Natasha
  3737 | D:6      | Killed Natasha
  3773 | D:6      | Identified a scroll of acquirement
  3774 | D:6      | Got a bloodstained hat
  3786 | D:6      | Identified the +2 hat of Exclusion {Str+3} (You acquired it on level 6 of the Dungeon)
  3912 | D:6      | Found a deep blue altar of Sif Muna.
  3919 | D:6      | Reached skill level 6 in Maces & Flails
  4250 | D:7      | Found a shattered altar of Ashenzari.
  4306 | D:7      | Acquired Makhleb's second power
  4391 | D:7      | Found a staircase to the Ecumenical Temple.
  4401 | Temple   | Entered the Ecumenical Temple
  4581 | D:7      | Found an opulent altar of Gozag.
  4600 | D:7      | Reached skill level 7 in Maces & Flails
  4648 | D:7      | Found a shadowy altar of Dithmenos.
  4824 | D:8      | Found a blossoming altar of Fedhas.
  4922 | D:8      | Reached XP level 9. HP: 36/87 MP: 22/24
  4992 | D:8      | Reached skill level 5 in Fighting
  5044 | D:8      | Noticed Edmund
  5058 | D:8      | Killed Edmund
  5058 | D:8      | Reached skill level 1 in Throwing
  5116 | D:8      | HP: 4/88 [orc warrior/glaive (17)]
  5117 | D:8      | Slain by an orc

Action                   |  1- 3 |  4- 6 |  7- 9 || total
-------------------------+-------+-------+-------++-------
Melee: Unarmed           |    18 |       |       ||    18
       Whip              |    12 |   172 |   236 ||   420
       Club              |       |    17 |       ||    17
       Flail             |       |     8 |       ||     8
Throw: Large rock        |       |       |     7 ||     7
 Cast: Flame Tongue      |    39 |    56 |     1 ||    96
Evoke: Wand              |       |     1 |     3 ||     4
  Use: Scroll            |     9 |     8 |     8 ||    25
       Potion            |     4 |       |     1 ||     5
 Stab: Sleeping          |       |     1 |     1 ||     2
  Eat: Chunk             |       |     5 |     6 ||    11
       Beef jerky        |       |     1 |     1 ||     2
